[ AOE2 MATCH · #459570791 ]
UnrankedTurks vs Jurchens
Player's team · LOSS
[ REPLAY ANALYSIS · EXTRACTED FROM THE RECORDED GAME ]
Feudal
16:22
Castle
20:44
Imperial
27:39
| APM avg | 17.8 |
| APM peak | 57 |
| eAPM avg | 11.5 |
| Villagers / military | 146 / 20 |
Focus
⚔️ 11.3% · 🌾 88.7%
Janissary ×10 · Bombard Cannon ×7 · Scout Cavalry ×2 · Monk ×1
Feudal
12:14
Castle
16:15
Imperial
—
| APM avg | 37.5 |
| APM peak | 75 |
| eAPM avg | 22.3 |
| Villagers / military | 110 / 2 |
Focus
⚔️ 28.7% · 🌾 71.3%
Unknown (1911) ×122 · Unknown (1908) ×6 · Skirmisher ×2
Feudal
13:07
Castle
17:47
Imperial
34:51
| APM avg | 19.8 |
| APM peak | 52 |
| eAPM avg | 14.8 |
| Villagers / military | 111 / 35 |
Focus
⚔️ 16.9% · 🌾 83.1%
Battle Elephant ×20 · Battering Ram ×12 · Trade Cart ×10 · Trebuchet (Packed) ×3
Feudal
14:01
Castle
23:52
Imperial
—
| APM avg | 15.6 |
| APM peak | 45 |
| eAPM avg | 10.8 |
| Villagers / military | 148 / 111 |
Focus
⚔️ 20.6% · 🌾 79.4%
Spearman ×110 · Skirmisher ×1
Feudal
14:03
Castle
22:18
Imperial
34:06
| APM avg | 24.2 |
| APM peak | 52 |
| eAPM avg | 17.8 |
| Villagers / military | 168 / 84 |
Focus
⚔️ 19.1% · 🌾 80.9%
Janissary ×61 · Bombard Cannon ×20 · Trade Cart ×7 · Scout Cavalry ×2 · Monk ×1
Feudal
14:06
Castle
26:11
Imperial
35:24
| APM avg | 9.0 |
| APM peak | 22 |
| eAPM avg | 7.7 |
| Villagers / military | 94 / 77 |
Focus
⚔️ 23.0% · 🌾 77.0%
Knight ×34 · Scout Cavalry ×26 · Militia ×10 · Trade Cart ×7 · Scorpion ×4 · Monk ×1
Feudal
12:15
Castle
19:31
Imperial
32:04
| APM avg | 25.2 |
| APM peak | 67 |
| eAPM avg | 17.0 |
| Villagers / military | 96 / 101 |
Focus
⚔️ 27.6% · 🌾 72.4%
Chu Ko Nu ×59 · Scout Cavalry ×38 · Trade Cart ×11 · Trebuchet (Packed) ×3 · Monk ×1
Feudal
12:34
Castle
17:27
Imperial
—
| APM avg | 15.1 |
| APM peak | 63 |
| eAPM avg | 9.0 |
| Villagers / military | 84 / 31 |
Focus
⚔️ 19.6% · 🌾 80.4%
Longbowman ×31
Match map
Initial resources + every placement click. Lines = walls · curves = elevation contours. ◆ gold · ⬟ stone · ● berries · ✦ relic · ◌ wall gap
Inputs per minute
— SNIPERNOSNIPING - - R.S/AMOR
Build order — SNIPERNOSNIPING
First 150 of 267 actions detected
| 0:03 | Build | House |
| 0:05 | Build | House |
| 0:06 | Create | Villager (Male) |
| 0:06 | Create | Villager (Male) |
| 0:06 | Create | Villager (Male) |
| 0:07 | Create | Villager (Male) |
| 0:32 | Research | Loom |
| 0:32 | Create | Villager (Male) |
| 0:33 | Create | Villager (Male) |
| 0:44 | Build | Palisade Wall |
| 0:49 | Create | Villager (Male) |
| 0:49 | Create | Villager (Male) |
| 2:49 | Create | Villager (Male) |
| 3:04 | Create | Villager (Male) |
| 3:04 | Create | Villager (Male) |
| 3:29 | Build | Palisade Wall |
| 3:34 | Build | Palisade Wall |
| 3:47 | Create | Villager (Male) |
| 3:47 | Create | Villager (Male) |
| 3:58 | Create | Villager (Male) |
| 4:34 | Build | House |
| 4:34 | Create | Villager (Male) |
| 4:42 | Create | Villager (Male) |
| 4:42 | Create | Villager (Male) |
| 5:34 | Create | Villager (Male) |
| 5:34 | Create | Villager (Male) |
| 6:26 | Build | Mill |
| 6:37 | Create | Villager (Male) |
| 6:38 | Create | Villager (Male) |
| 6:38 | Create | Villager (Male) |
| 7:23 | Create | Villager (Male) |
| 7:23 | Create | Villager (Male) |
| 7:36 | Build | Lumber Camp |
| 8:21 | Create | Villager (Male) |
| 8:22 | Create | Villager (Male) |
| 8:33 | Create | Villager (Male) |
| 8:33 | Create | Villager (Male) |
| 9:01 | Build | Mill |
| 9:11 | Create | Villager (Male) |
| 9:11 | Create | Villager (Male) |
| 10:06 | Build | House |
| 10:07 | Build | House |
| 10:38 | Build | House |
| 10:45 | Build | Palisade Wall |
| 10:50 | Create | Villager (Male) |
| 10:50 | Create | Villager (Male) |
| 11:17 | Create | Villager (Male) |
| 11:17 | Create | Villager (Male) |
| 11:30 | Build | House |
| 12:17 | Create | Villager (Male) |
| 12:40 | Create | Villager (Male) |
| 12:42 | Create | Villager (Male) |
| 12:42 | Create | Villager (Male) |
| 12:56 | Build | Mining Camp |
| 13:22 | Create | Villager (Male) |
| 13:29 | Create | Villager (Male) |
| 14:04 | Research | Feudal Age |
| 15:16 | Build | Farm |
| 15:18 | Build | Farm |
| 15:22 | Build | Farm |
| 15:24 | Build | Farm |
| 15:28 | Create | Villager (Male) |
| 15:29 | Create | Villager (Male) |
| 15:29 | Create | Villager (Male) |
| 16:11 | Create | Villager (Male) |
| 16:22 | Age | Feudal Age |
| 16:34 | Research | Double-Bit Axe |
| 16:36 | Create | Villager (Male) |
| 16:39 | Build | Farm |
| 16:52 | Build | Blacksmith |
| 17:03 | Build | Market |
| 17:17 | Build | Lumber Camp |
| 17:23 | Build | Farm |
| 17:25 | Build | Farm |
| 17:27 | Build | Farm |
| 17:29 | Build | Farm |
| 17:32 | Build | Farm |
| 17:33 | Create | Villager (Male) |
| 18:04 | Research | Castle Age |
| 18:16 | Build | Mining Camp |
| 18:24 | Create | Villager (Male) |
| 18:24 | Create | Villager (Male) |
| 18:38 | Build | Farm |
| 20:42 | Create | Villager (Male) |
| 20:44 | Age | Castle Age |
| 21:18 | Build | Town Center |
| 21:22 | Create | Villager (Male) |
| 21:34 | Build | Barracks |
| 21:35 | Research | Bow Saw |
| 21:42 | Create | Villager (Male) |
| 22:04 | Build | Town Center |
| 22:27 | Create | Villager (Male) |
| 22:30 | Create | Villager (Male) |
| 22:32 | Create | Villager (Male) |
| 23:08 | Build | Monastery |
| 23:16 | Create | Villager (Male) |
| 23:16 | Create | Villager (Male) |
| 23:17 | Create | Villager (Male) |
| 24:00 | Build | Siege Workshop |
| 24:04 | Create | Villager (Male) |
| 24:06 | Create | Villager (Male) |
| 24:09 | Create | Villager (Male) |
| 24:14 | Build | Farm |
| 24:24 | Create | Villager (Male) |
| 24:26 | Research | Imperial Age |
| 24:30 | Create | Villager (Male) |
| 24:40 | Build | Farm |
| 24:53 | Build | House |
| 24:55 | Build | House |
| 24:58 | Build | House |
| 25:06 | Build | House |
| 25:06 | Build | House |
| 25:11 | Create | Villager (Male) |
| 25:12 | Create | Villager (Male) |
| 25:18 | Create | Monk |
| 25:35 | Build | Stable |
| 25:39 | Build | Farm |
| 25:45 | Build | Farm |
| 25:52 | Build | Farm |
| 25:53 | Create | Villager (Male) |
| 25:54 | Create | Villager (Male) |
| 25:56 | Create | Villager (Male) |
| 25:56 | Create | Villager (Male) |
| 26:14 | Create | Villager (Male) |
| 26:15 | Create | Villager (Male) |
| 26:33 | Create | Villager (Male) |
| 26:33 | Create | Villager (Male) |
| 26:46 | Build | Farm |
| 26:49 | Build | Farm |
| 26:50 | Create | Villager (Male) |
| 26:53 | Create | Villager (Male) |
| 27:08 | Create | Villager (Male) |
| 27:16 | Create | Villager (Male) |
| 27:39 | Age | Imperial Age |
| 27:43 | Create | Bombard Cannon |
| 27:43 | Create | Bombard Cannon |
| 27:50 | Create | Villager (Male) |
| 27:50 | Create | Villager (Male) |
| 27:51 | Create | Villager (Male) |
| 27:56 | Build | Farm |
| 28:09 | Create | Villager (Male) |
| 28:09 | Create | Villager (Male) |
| 28:09 | Create | Villager (Male) |
| 28:14 | Build | Farm |
| 28:18 | Build | Farm |
| 28:22 | Build | Farm |
| 28:23 | Create | Villager (Male) |
| 29:02 | Build | Castle |
| 29:10 | Build | Stone Wall |
| 29:13 | Create | Villager (Male) |
Build order — R.S/AMOR
First 150 of 291 actions detected
| 0:03 | Create | Villager (Male) |
| 0:03 | Create | Villager (Male) |
| 0:07 | Create | Villager (Male) |
| 0:08 | Create | Villager (Male) |
| 0:08 | Create | Villager (Male) |
| 0:08 | Create | Villager (Male) |
| 0:08 | Create | Villager (Male) |
| 0:08 | Create | Villager (Male) |
| 0:08 | Create | Villager (Male) |
| 0:08 | Create | Villager (Male) |
| 0:08 | Create | Villager (Male) |
| 0:08 | Create | Villager (Male) |
| 0:08 | Create | Villager (Male) |
| 0:08 | Create | Villager (Male) |
| 0:08 | Create | Villager (Male) |
| 0:08 | Create | Villager (Male) |
| 0:08 | Create | Villager (Male) |
| 0:08 | Create | Villager (Male) |
| 0:10 | Build | House |
| 0:13 | Build | House |
| 1:54 | Build | Lumber Camp |
| 2:03 | Research | Loom |
| 2:04 | Research | Loom |
| 2:04 | Create | Villager (Male) |
| 2:05 | Create | Villager (Male) |
| 2:28 | Create | Villager (Male) |
| 2:28 | Create | Villager (Male) |
| 2:41 | Research | Loom |
| 2:48 | Build | Palisade Wall |
| 2:50 | Build | Palisade Wall |
| 3:04 | Create | Villager (Male) |
| 3:04 | Create | Villager (Male) |
| 3:04 | Create | Villager (Male) |
| 3:26 | Create | Villager (Male) |
| 3:26 | Create | Villager (Male) |
| 3:55 | Create | Villager (Male) |
| 3:55 | Create | Villager (Male) |
| 3:58 | Build | House |
| 4:57 | Create | Villager (Male) |
| 4:57 | Create | Villager (Male) |
| 5:13 | Create | Villager (Male) |
| 5:14 | Create | Villager (Male) |
| 5:14 | Create | Villager (Male) |
| 5:49 | Create | Villager (Male) |
| 5:49 | Create | Villager (Male) |
| 5:56 | Build | Mill |
| 6:39 | Create | Villager (Male) |
| 6:39 | Create | Villager (Male) |
| 6:46 | Build | House |
| 6:50 | Create | Villager (Male) |
| 7:13 | Create | Villager (Male) |
| 7:13 | Create | Villager (Male) |
| 7:13 | Create | Villager (Male) |
| 7:14 | Create | Villager (Male) |
| 7:44 | Build | Lumber Camp |
| 7:45 | Create | Villager (Male) |
| 7:45 | Create | Villager (Male) |
| 8:23 | Create | Villager (Male) |
| 8:23 | Create | Villager (Male) |
| 9:09 | Create | Villager (Male) |
| 9:09 | Create | Villager (Male) |
| 9:57 | Create | Villager (Male) |
| 10:04 | Research | Feudal Age |
| 11:15 | Build | House |
| 11:17 | Build | House |
| 12:02 | Create | Villager (Male) |
| 12:04 | Research | Loom |
| 12:14 | Age | Feudal Age |
| 12:18 | Build | Market |
| 12:24 | Build | Blacksmith |
| 12:29 | Research | Wheelbarrow |
| 12:52 | Build | Barracks |
| 13:01 | Research | Wheelbarrow |
| 13:04 | Build | Mining Camp |
| 13:35 | Research | Castle Age |
| 13:50 | Build | House |
| 13:51 | Build | House |
| 14:21 | Create | Villager (Male) |
| 14:21 | Create | Villager (Male) |
| 14:25 | Build | Farm |
| 14:25 | Build | Farm |
| 14:25 | Build | Farm |
| 14:25 | Build | Farm |
| 14:26 | Build | Farm |
| 14:42 | Build | Farm |
| 15:31 | Build | Archery Range |
| 15:41 | Create | Villager (Male) |
| 15:41 | Create | Villager (Male) |
| 15:53 | Build | Farm |
| 15:59 | Build | Farm |
| 16:03 | Build | Farm |
| 16:15 | Age | Castle Age |
| 16:18 | Research | Double-Bit Axe |
| 16:18 | Research | Double-Bit Axe |
| 16:59 | Build | Archery Range |
| 17:10 | Create | Villager (Male) |
| 17:18 | Research | Wheelbarrow |
| 18:22 | Create | Unit 1911 |
| 18:22 | Create | Unit 1911 |
| 18:22 | Create | Unit 1911 |
| 18:24 | Create | Unit 1911 |
| 18:28 | Create | Villager (Male) |
| 18:30 | Build | Farm |
| 18:30 | Build | Farm |
| 18:31 | Build | Farm |
| 18:33 | Create | Villager (Male) ×2 |
| 19:12 | Create | Unit 1911 |
| 19:12 | Create | Unit 1911 |
| 19:13 | Create | Villager (Male) |
| 19:14 | Create | Villager (Male) |
| 19:16 | Build | Farm |
| 19:17 | Build | Farm |
| 19:31 | Create | Unit 1911 |
| 19:40 | Create | Unit 1911 |
| 19:40 | Create | Unit 1911 |
| 19:40 | Create | Unit 1911 |
| 19:40 | Create | Unit 1911 |
| 19:40 | Create | Unit 1911 |
| 19:41 | Create | Unit 1911 |
| 19:41 | Create | Unit 1911 |
| 19:56 | Build | House |
| 19:56 | Build | House |
| 19:56 | Build | House |
| 19:57 | Build | House |
| 20:26 | Create | Villager (Male) |
| 20:42 | Create | Villager (Male) |
| 20:48 | Build | Farm |
| 20:48 | Build | Farm |
| 20:48 | Build | Farm |
| 20:51 | Create | Villager (Male) |
| 20:52 | Create | Villager (Male) |
| 21:01 | Create | Unit 1911 ×2 |
| 21:27 | Create | Villager (Male) |
| 21:31 | Build | House |
| 21:31 | Build | House |
| 21:32 | Build | House |
| 21:32 | Build | House |
| 21:32 | Build | House |
| 21:32 | Build | House |
| 21:33 | Build | House |
| 21:36 | Research | Bow Saw |
| 21:39 | Create | Villager (Male) |
| 22:36 | Create | Villager (Male) |
| 22:42 | Create | Unit 1911 |
| 22:42 | Create | Unit 1911 |
| 23:01 | Create | Villager (Male) |
| 23:05 | Build | House |
| 23:05 | Build | House |
| 23:18 | Build | Siege Workshop |
| 23:20 | Create | Villager (Male) |
Build order — Band
First 150 of 306 actions detected
| 0:03 | Create | Villager (Male) |
| 0:05 | Build | House |
| 0:09 | Build | House |
| 0:38 | Create | Villager (Male) |
| 0:39 | Create | Villager (Male) |
| 0:39 | Create | Villager (Male) |
| 1:53 | Create | Villager (Male) |
| 1:53 | Create | Villager (Male) |
| 2:02 | Build | Lumber Camp |
| 2:05 | Create | Villager (Male) |
| 2:05 | Create | Villager (Male) |
| 2:30 | Create | Villager (Male) |
| 3:28 | Create | Villager (Male) |
| 3:28 | Create | Villager (Male) |
| 3:29 | Create | Villager (Male) |
| 4:24 | Create | Villager (Male) |
| 4:24 | Create | Villager (Male) |
| 4:25 | Create | Villager (Male) |
| 4:27 | Build | House |
| 4:29 | Build | Mill |
| 4:51 | Create | Villager (Male) |
| 4:52 | Create | Villager (Male) |
| 6:11 | Create | Villager (Male) |
| 6:12 | Create | Villager (Male) |
| 6:12 | Create | Villager (Male) |
| 6:40 | Create | Villager (Male) |
| 6:40 | Create | Villager (Male) |
| 6:44 | Build | House |
| 6:45 | Build | House |
| 7:19 | Create | Villager (Male) |
| 7:29 | Create | Villager (Male) |
| 8:02 | Research | Loom |
| 8:07 | Build | House |
| 8:08 | Build | House |
| 8:19 | Create | Villager (Male) |
| 8:19 | Create | Villager (Male) |
| 9:34 | Create | Villager (Male) |
| 9:34 | Create | Villager (Male) |
| 9:43 | Create | Villager (Male) |
| 9:44 | Create | Villager (Male) |
| 10:57 | Research | Feudal Age |
| 11:19 | Build | Mining Camp |
| 11:32 | Build | Mining Camp |
| 13:07 | Age | Feudal Age |
| 13:20 | Build | Market |
| 13:27 | Build | Blacksmith |
| 13:32 | Build | Lumber Camp |
| 13:43 | Create | Villager (Male) |
| 13:43 | Create | Villager (Male) |
| 13:45 | Create | Villager (Male) |
| 13:50 | Build | Farm |
| 13:51 | Build | Farm |
| 13:53 | Build | Farm |
| 14:09 | Build | Stone Wall |
| 14:19 | Build | Stone Wall |
| 14:22 | Build | Building 490 |
| 14:36 | Build | Farm |
| 14:39 | Build | Farm |
| 14:44 | Build | Farm |
| 15:02 | Create | Villager (Male) |
| 15:07 | Research | Castle Age |
| 15:18 | Build | Farm |
| 15:35 | Build | Farm |
| 15:40 | Build | Farm |
| 15:47 | Research | Double-Bit Axe |
| 16:07 | Build | Stone Wall |
| 16:08 | Build | Stone Wall |
| 16:11 | Build | Stone Wall |
| 16:15 | Build | Stone Wall |
| 16:18 | Build | Stone Wall |
| 16:20 | Build | Stone Wall |
| 16:22 | Build | Stone Wall |
| 16:26 | Build | Stone Wall |
| 17:13 | Build | Outpost |
| 17:17 | Research | Wheelbarrow |
| 17:47 | Age | Castle Age |
| 17:51 | Build | Town Center |
| 18:07 | Build | Town Center |
| 18:21 | Create | Villager (Male) |
| 18:34 | Build | Town Center |
| 18:50 | Build | Stone Wall |
| 19:01 | Create | Villager (Male) |
| 19:02 | Create | Villager (Male) |
| 19:17 | Build | Building 490 |
| 19:25 | Build | Stone Wall |
| 19:30 | Create | Villager (Male) |
| 19:32 | Create | Villager (Male) |
| 19:58 | Create | Villager (Male) |
| 19:59 | Create | Villager (Male) |
| 20:22 | Build | Building 487 |
| 20:41 | Build | Farm |
| 20:43 | Build | Farm |
| 20:44 | Create | Villager (Male) |
| 20:45 | Create | Villager (Male) |
| 20:45 | Create | Villager (Male) |
| 20:45 | Create | Villager (Male) |
| 20:48 | Build | Farm |
| 20:52 | Create | Villager (Male) |
| 21:00 | Build | Farm |
| 21:09 | Create | Villager (Male) |
| 21:14 | Build | Farm |
| 21:16 | Build | Farm |
| 21:17 | Build | Farm |
| 21:19 | Build | Farm |
| 21:21 | Create | Villager (Male) |
| 21:23 | Create | Villager (Male) |
| 21:31 | Build | Farm |
| 21:36 | Build | House |
| 21:37 | Build | House |
| 21:40 | Build | House |
| 21:43 | Create | Villager (Male) |
| 21:46 | Create | Villager (Male) |
| 21:53 | Create | Villager (Male) |
| 22:59 | Create | Villager (Male) |
| 23:03 | Build | Farm |
| 23:04 | Build | Farm |
| 23:05 | Create | Villager (Male) |
| 23:08 | Create | Villager (Male) |
| 23:10 | Create | Villager (Male) |
| 23:11 | Create | Villager (Male) |
| 23:23 | Build | Siege Workshop |
| 23:34 | Create | Villager (Male) |
| 23:34 | Create | Villager (Male) |
| 23:38 | Build | Farm |
| 23:40 | Build | Farm |
| 23:41 | Build | Farm |
| 23:42 | Create | Villager (Male) |
| 23:46 | Build | Farm |
| 23:47 | Build | Farm |
| 23:49 | Create | Villager (Male) |
| 23:49 | Create | Villager (Male) |
| 23:50 | Create | Villager (Male) |
| 24:02 | Build | House |
| 24:05 | Build | House |
| 24:09 | Create | Villager (Male) |
| 24:10 | Create | Villager (Male) |
| 24:12 | Create | Villager (Male) |
| 24:31 | Create | Battering Ram |
| 24:31 | Create | Battering Ram |
| 24:40 | Build | Farm |
| 24:47 | Build | Farm |
| 24:48 | Build | Farm |
| 24:51 | Create | Villager (Male) |
| 24:52 | Create | Villager (Male) |
| 24:52 | Create | Villager (Male) |
| 24:54 | Build | Farm |
| 25:05 | Research | Bow Saw |
| 25:07 | Research | Horse Collar |
| 25:15 | Build | House |
| 25:19 | Build | House |
Build order — Spicy Boy
First 150 of 251 actions detected
| 0:02 | Research | Loom |
| 0:03 | Create | Villager (Male) ×4 |
| 0:08 | Build | House |
| 1:44 | Build | Palisade Wall |
| 2:16 | Create | Villager (Male) |
| 2:16 | Create | Villager (Male) |
| 3:04 | Create | Villager (Male) |
| 3:04 | Create | Villager (Male) |
| 3:36 | Build | House |
| 3:38 | Build | House |
| 3:39 | Build | House |
| 3:47 | Build | Outpost |
| 3:50 | Create | Villager (Male) |
| 3:50 | Create | Villager (Male) |
| 4:06 | Create | Villager (Male) |
| 4:06 | Create | Villager (Male) |
| 4:36 | Create | Villager (Male) |
| 4:37 | Create | Villager (Male) |
| 4:45 | Build | Mill |
| 5:16 | Create | Villager (Male) |
| 6:02 | Create | Villager (Male) |
| 6:03 | Create | Villager (Male) |
| 6:03 | Create | Villager (Male) |
| 6:03 | Create | Villager (Male) |
| 6:15 | Build | House |
| 6:26 | Create | Villager (Male) |
| 6:26 | Create | Villager (Male) |
| 6:42 | Build | House |
| 7:45 | Create | Villager (Male) |
| 7:45 | Create | Villager (Male) |
| 7:45 | Create | Villager (Male) |
| 7:46 | Create | Villager (Male) |
| 7:46 | Create | Villager (Male) |
| 8:19 | Create | Villager (Male) |
| 8:19 | Create | Villager (Male) |
| 8:19 | Create | Villager (Male) |
| 8:47 | Build | Outpost |
| 9:00 | Build | Mill |
| 9:23 | Build | House |
| 9:34 | Build | House |
| 9:49 | Build | Mining Camp |
| 10:04 | Build | House |
| 10:15 | Build | House |
| 10:29 | Build | House |
| 10:31 | Build | House |
| 10:38 | Create | Villager (Male) |
| 10:38 | Create | Villager (Male) |
| 10:38 | Create | Villager (Male) |
| 10:39 | Create | Villager (Male) |
| 10:49 | Build | Lumber Camp |
| 11:51 | Research | Feudal Age |
| 14:01 | Age | Feudal Age |
| 14:06 | Build | Watch Tower |
| 14:13 | Research | Wheelbarrow |
| 14:13 | Research | Town Watch |
| 14:18 | Research | Double-Bit Axe |
| 14:20 | Research | Horse Collar |
| 15:41 | Build | Farm |
| 15:43 | Build | Farm |
| 15:47 | Create | Villager (Male) |
| 15:47 | Create | Villager (Male) |
| 15:47 | Create | Villager (Male) |
| 15:48 | Create | Villager (Male) |
| 15:51 | Build | Farm |
| 15:52 | Build | Farm |
| 15:53 | Build | Farm |
| 15:54 | Build | Farm |
| 16:36 | Build | Mill |
| 16:42 | Build | Mill |
| 17:47 | Create | Villager (Male) |
| 17:47 | Create | Villager (Male) |
| 17:47 | Create | Villager (Male) |
| 17:48 | Create | Villager (Male) |
| 17:50 | Create | Villager (Male) |
| 17:50 | Create | Villager (Male) |
| 18:19 | Build | Outpost |
| 18:40 | Build | Market |
| 19:03 | Build | Blacksmith |
| 19:05 | Build | House |
| 19:48 | Create | Villager (Male) |
| 20:23 | Build | Barracks |
| 21:12 | Research | Castle Age |
| 21:21 | Build | Archery Range |
| 21:26 | Research | Fletching |
| 21:27 | Research | Padded Archer Armor |
| 21:27 | Research | Forging |
| 21:40 | Research | Scale Mail Armor |
| 21:56 | Create | Skirmisher |
| 22:23 | Build | Farm |
| 22:24 | Build | Farm |
| 22:26 | Build | Farm |
| 22:27 | Build | Farm |
| 22:28 | Build | Farm |
| 22:30 | Build | Farm |
| 22:32 | Build | Farm |
| 22:33 | Build | Farm |
| 23:00 | Build | Farm |
| 23:01 | Build | Farm |
| 23:52 | Age | Castle Age |
| 24:01 | Build | Town Center |
| 24:11 | Research | Bow Saw |
| 24:14 | Create | Villager (Male) |
| 24:14 | Create | Villager (Male) |
| 24:14 | Create | Villager (Male) |
| 24:15 | Create | Villager (Male) |
| 24:15 | Create | Villager (Male) |
| 24:38 | Build | Castle |
| 24:44 | Research | Hand Cart |
| 24:50 | Create | Villager (Male) |
| 24:51 | Create | Villager (Male) |
| 24:51 | Create | Villager (Male) |
| 25:24 | Create | Villager (Male) ×2 |
| 25:25 | Create | Villager (Male) ×2 |
| 25:34 | Build | Lumber Camp |
| 26:00 | Build | Farm |
| 26:00 | Build | Farm |
| 26:02 | Build | Farm |
| 26:03 | Build | Farm |
| 26:06 | Research | Heavy Plow |
| 26:11 | Create | Villager (Male) ×2 |
| 26:11 | Create | Villager (Male) ×2 |
| 26:19 | Build | Farm |
| 26:21 | Build | Farm |
| 26:22 | Build | Farm |
| 26:23 | Build | Farm |
| 26:27 | Build | Farm |
| 26:28 | Build | Farm |
| 26:39 | Build | Farm |
| 26:44 | Create | Villager (Male) ×4 |
| 27:33 | Create | Villager (Male) ×5 |
| 27:33 | Create | Villager (Male) ×5 |
| 27:34 | Create | Villager (Male) ×2 |
| 27:37 | Build | Farm |
| 27:38 | Build | Farm |
| 27:39 | Build | Farm |
| 27:41 | Build | Farm |
| 27:42 | Build | Farm |
| 27:45 | Build | Farm |
| 27:46 | Build | Farm |
| 27:49 | Build | Farm |
| 28:06 | Build | Barracks |
| 28:07 | Build | Barracks |
| 28:30 | Build | Town Center |
| 28:52 | Research | Pikeman (upgrade) |
| 28:52 | Research | Squires |
| 29:01 | Create | Spearman ×5 |
| 29:03 | Create | Spearman ×5 |
| 29:06 | Build | Farm |
| 29:06 | Build | Farm |
| 29:07 | Build | Farm |
Build order — CZJAMEs
First 150 of 396 actions detected
| 0:03 | Create | Villager (Male) |
| 0:03 | Create | Villager (Male) |
| 0:03 | Create | Villager (Male) |
| 0:04 | Create | Villager (Male) |
| 0:06 | Build | House |
| 0:07 | Build | House |
| 0:54 | Research | Loom |
| 0:55 | Create | Villager (Male) |
| 0:55 | Create | Villager (Male) |
| 0:55 | Create | Villager (Male) |
| 1:23 | Build | Palisade Wall |
| 1:35 | Build | Palisade Wall |
| 2:50 | Create | Villager (Male) |
| 2:50 | Create | Villager (Male) |
| 2:50 | Create | Villager (Male) |
| 3:14 | Create | Villager (Male) |
| 3:14 | Create | Villager (Male) |
| 3:14 | Create | Villager (Male) |
| 3:19 | Build | House |
| 3:21 | Build | House |
| 4:23 | Create | Villager (Male) |
| 4:23 | Create | Villager (Male) |
| 4:28 | Build | House |
| 4:36 | Create | Villager (Male) |
| 4:36 | Create | Villager (Male) |
| 6:03 | Create | Villager (Male) |
| 6:03 | Create | Villager (Male) |
| 6:03 | Create | Villager (Male) |
| 6:03 | Create | Villager (Male) |
| 6:07 | Build | House |
| 6:47 | Create | Villager (Male) |
| 6:47 | Create | Villager (Male) |
| 7:23 | Create | Villager (Male) |
| 7:24 | Create | Villager (Male) |
| 7:33 | Create | Villager (Male) |
| 7:33 | Create | Villager (Male) |
| 7:52 | Create | Villager (Male) |
| 7:52 | Create | Villager (Male) |
| 8:11 | Create | Villager (Male) |
| 8:12 | Create | Villager (Male) |
| 8:47 | Create | Villager (Male) |
| 8:47 | Create | Villager (Male) |
| 8:47 | Create | Villager (Male) |
| 8:58 | Build | Lumber Camp |
| 9:51 | Build | Mill |
| 10:13 | Create | Villager (Male) |
| 10:13 | Create | Villager (Male) |
| 10:13 | Create | Villager (Male) |
| 10:14 | Create | Villager (Male) |
| 10:14 | Create | Villager (Male) |
| 10:14 | Create | Villager (Male) |
| 10:15 | Create | Villager (Male) |
| 11:21 | Build | Mill |
| 11:28 | Build | Farm |
| 11:28 | Build | Farm |
| 11:31 | Create | Villager (Male) |
| 11:31 | Create | Villager (Male) |
| 11:53 | Research | Feudal Age |
| 11:53 | Research | Feudal Age |
| 12:39 | Build | Mining Camp |
| 13:20 | Build | Farm |
| 13:57 | Build | House |
| 13:58 | Build | House |
| 14:03 | Age | Feudal Age |
| 14:15 | Build | Stone Wall |
| 14:33 | Build | Stone Wall |
| 14:35 | Build | Stone Wall |
| 14:49 | Build | Building 490 |
| 15:00 | Create | Villager (Male) |
| 15:01 | Create | Villager (Male) |
| 15:01 | Create | Villager (Male) |
| 15:01 | Create | Villager (Male) |
| 15:01 | Create | Villager (Male) |
| 15:13 | Create | Villager (Male) |
| 15:14 | Create | Villager (Male) |
| 15:53 | Research | Double-Bit Axe |
| 15:56 | Create | Villager (Male) |
| 16:42 | Build | Lumber Camp |
| 17:21 | Build | Stone Wall |
| 17:36 | Build | Mining Camp |
| 17:46 | Create | Villager (Male) |
| 17:46 | Create | Villager (Male) |
| 17:52 | Build | Blacksmith |
| 18:29 | Create | Villager (Male) |
| 18:29 | Create | Villager (Male) |
| 18:29 | Create | Villager (Male) |
| 18:34 | Research | Horse Collar |
| 18:41 | Build | Market |
| 18:50 | Create | Villager (Male) |
| 19:17 | Build | Mining Camp |
| 19:34 | Research | Castle Age |
| 19:38 | Research | Castle Age |
| 19:40 | Research | Horse Collar |
| 19:40 | Research | Horse Collar |
| 19:45 | Research | Stone Mining |
| 19:52 | Build | Farm |
| 19:52 | Build | Farm |
| 19:53 | Build | Farm |
| 19:53 | Build | Farm |
| 19:53 | Build | Farm |
| 19:53 | Build | Farm |
| 20:02 | Create | Villager (Male) |
| 20:03 | Create | Villager (Male) |
| 20:10 | Build | Farm |
| 20:14 | Build | Farm |
| 20:27 | Create | Villager (Male) |
| 20:27 | Create | Villager (Male) |
| 20:28 | Create | Villager (Male) |
| 21:00 | Create | Villager (Male) |
| 21:01 | Create | Villager (Male) |
| 21:01 | Create | Villager (Male) |
| 21:29 | Build | Farm |
| 21:29 | Build | Farm |
| 22:04 | Create | Villager (Male) |
| 22:04 | Create | Villager (Male) |
| 22:18 | Age | Castle Age |
| 22:22 | Build | Town Center |
| 22:33 | Build | Town Center |
| 22:38 | Create | Villager (Male) |
| 22:38 | Create | Villager (Male) |
| 22:50 | Build | Farm |
| 22:57 | Build | House |
| 22:58 | Build | House |
| 22:58 | Build | House |
| 22:59 | Build | House |
| 22:59 | Build | House |
| 23:00 | Build | House |
| 23:00 | Build | House |
| 23:10 | Build | Castle |
| 23:14 | Create | Villager (Male) |
| 23:14 | Create | Villager (Male) |
| 23:40 | Research | Town Watch |
| 23:43 | Create | Villager (Male) |
| 23:43 | Create | Villager (Male) |
| 23:43 | Create | Villager (Male) |
| 23:43 | Create | Villager (Male) |
| 23:56 | Create | Villager (Male) |
| 23:57 | Create | Villager (Male) |
| 24:04 | Create | Villager (Male) |
| 24:05 | Create | Villager (Male) |
| 24:05 | Create | Villager (Male) |
| 24:14 | Build | Farm |
| 24:14 | Build | Farm |
| 24:14 | Build | Farm |
| 24:20 | Create | Villager (Male) |
| 24:20 | Create | Villager (Male) |
| 24:24 | Build | House |
| 24:24 | Build | House |
| 24:25 | Build | House |
| 24:25 | Build | House |
Build order — greenkitten (has no friends)
First 150 of 198 actions detected
| 0:05 | Build | House |
| 0:07 | Build | House |
| 0:13 | Create | Villager (Male) ×4 |
| 0:14 | Research | Loom |
| 0:34 | Build | Palisade Wall |
| 1:05 | Build | Lumber Camp |
| 2:30 | Create | Villager (Male) |
| 2:31 | Create | Villager (Male) |
| 3:19 | Build | House |
| 3:22 | Build | House |
| 3:32 | Build | Palisade Wall |
| 3:48 | Build | Palisade Wall |
| 3:59 | Create | Villager (Male) |
| 3:59 | Create | Villager (Male) |
| 4:00 | Create | Villager (Male) |
| 4:49 | Create | Villager (Male) |
| 4:50 | Create | Villager (Male) |
| 5:29 | Create | Villager (Male) |
| 5:30 | Create | Villager (Male) |
| 5:30 | Create | Villager (Male) |
| 6:20 | Create | Villager (Male) |
| 6:20 | Create | Villager (Male) |
| 6:21 | Create | Villager (Male) |
| 7:00 | Build | Mill |
| 7:46 | Create | Villager (Male) |
| 7:46 | Create | Villager (Male) |
| 7:47 | Create | Villager (Male) |
| 7:47 | Create | Villager (Male) |
| 8:31 | Create | Villager (Male) |
| 8:31 | Create | Villager (Male) |
| 9:04 | Create | Villager (Male) |
| 9:04 | Create | Villager (Male) |
| 9:05 | Create | Villager (Male) |
| 9:05 | Create | Villager (Male) |
| 9:05 | Create | Villager (Male) |
| 10:13 | Create | Villager (Male) |
| 10:13 | Create | Villager (Male) |
| 10:31 | Build | Farm |
| 10:55 | Build | Farm |
| 11:07 | Build | Farm |
| 11:15 | Build | Farm |
| 11:20 | Research | Feudal Age |
| 11:44 | Build | Farm |
| 12:09 | Build | Farm |
| 12:25 | Create | Villager (Male) |
| 12:26 | Create | Villager (Male) |
| 12:34 | Build | House |
| 12:40 | Build | House |
| 12:41 | Build | House |
| 13:01 | Build | Farm |
| 13:07 | Build | Farm |
| 13:24 | Build | Farm |
| 13:33 | Build | Farm |
| 13:39 | Build | Farm |
| 13:44 | Build | Farm |
| 13:58 | Build | Farm |
| 14:06 | Age | Feudal Age |
| 14:09 | Build | Farm |
| 14:19 | Build | Farm |
| 14:26 | Build | Farm |
| 14:37 | Build | Market |
| 14:49 | Research | Double-Bit Axe |
| 14:56 | Research | Horse Collar |
| 15:36 | Research | Wheelbarrow |
| 15:37 | Research | Town Watch |
| 15:50 | Build | Mining Camp |
| 16:01 | Create | Villager (Male) |
| 16:01 | Create | Villager (Male) |
| 16:01 | Create | Villager (Male) |
| 16:01 | Create | Villager (Male) |
| 16:02 | Create | Villager (Male) |
| 16:02 | Create | Villager (Male) |
| 16:02 | Create | Villager (Male) |
| 16:03 | Create | Villager (Male) |
| 16:03 | Create | Villager (Male) |
| 16:03 | Create | Villager (Male) |
| 16:16 | Build | Blacksmith |
| 16:19 | Build | House |
| 16:20 | Build | House |
| 16:24 | Build | House |
| 16:38 | Build | Farm |
| 17:20 | Create | Villager (Male) ×5 |
| 17:32 | Build | Mining Camp |
| 19:25 | Research | Gold Mining |
| 19:26 | Research | Stone Mining |
| 21:44 | Research | Castle Age |
| 21:58 | Build | Mining Camp |
| 24:59 | Build | Farm |
| 25:00 | Build | Farm |
| 25:03 | Build | Farm |
| 25:14 | Build | Farm |
| 25:15 | Build | Farm |
| 25:17 | Build | Farm |
| 25:19 | Build | Farm |
| 26:11 | Age | Castle Age |
| 26:13 | Research | Caravan |
| 26:15 | Create | Trade Cart ×5 |
| 26:29 | Research | Heavy Plow |
| 26:33 | Research | Stone Shaft Mining |
| 26:39 | Research | Bow Saw |
| 26:58 | Build | Stone Wall |
| 27:35 | Build | Siege Workshop |
| 27:46 | Create | Villager (Male) |
| 27:46 | Create | Villager (Male) |
| 28:07 | Build | Monastery |
| 28:11 | Build | University |
| 28:32 | Build | Town Center |
| 28:44 | Build | Town Center |
| 29:04 | Create | Monk |
| 29:16 | Build | Barracks |
| 29:25 | Build | House |
| 29:31 | Create | Scorpion |
| 29:58 | Create | Scorpion |
| 30:16 | Build | Stable |
| 30:18 | Build | Stable |
| 30:32 | Create | Militia ×5 |
| 30:33 | Create | Militia ×5 |
| 31:08 | Build | Stable |
| 31:09 | Build | Stable |
| 31:15 | Create | Knight ×5 |
| 31:15 | Create | Knight ×5 |
| 31:15 | Create | Knight ×3 |
| 31:25 | Create | Scorpion |
| 31:25 | Create | Scorpion |
| 31:57 | Build | Building 487 |
| 32:02 | Build | Stone Wall |
| 32:08 | Create | Villager (Male) ×5 |
| 32:09 | Create | Villager (Male) ×5 |
| 32:14 | Research | Imperial Age |
| 32:40 | Create | Knight |
| 32:49 | Build | Stable |
| 33:26 | Research | Bloodlines |
| 33:32 | Research | Scale Barding Armor |
| 33:33 | Research | Forging |
| 33:34 | Research | Fletching |
| 33:50 | Create | Knight ×2 |
| 33:51 | Create | Knight ×2 |
| 33:56 | Build | Watch Tower |
| 34:06 | Build | Stable |
| 34:17 | Research | Hand Cart |
| 34:19 | Create | Villager (Male) ×5 |
| 34:19 | Create | Villager (Male) ×5 |
| 34:19 | Create | Villager (Male) ×5 |
| 34:25 | Create | Villager (Male) ×5 |
| 34:30 | Create | Villager (Male) ×5 |
| 34:30 | Create | Villager (Male) ×5 |
| 34:31 | Create | Villager (Male) ×5 |
| 34:37 | Create | Trade Cart |
| 34:37 | Create | Trade Cart |
| 34:48 | Research | Masonry |
Build order — lowry
First 150 of 360 actions detected
| 0:07 | Research | Loom |
| 0:07 | Research | Loom |
| 0:55 | Create | Villager (Male) |
| 0:55 | Create | Villager (Male) |
| 1:56 | Create | Villager (Male) |
| 1:56 | Create | Villager (Male) |
| 1:56 | Create | Villager (Male) |
| 2:20 | Build | Palisade Wall |
| 2:36 | Create | Villager (Male) |
| 2:36 | Create | Villager (Male) |
| 3:04 | Create | Villager (Male) |
| 3:04 | Create | Villager (Male) |
| 3:14 | Create | Villager (Male) |
| 3:15 | Create | Villager (Male) |
| 4:12 | Create | Villager (Male) |
| 4:13 | Create | Villager (Male) |
| 4:34 | Create | Villager (Male) |
| 4:34 | Create | Villager (Male) |
| 4:35 | Create | Villager (Male) |
| 4:35 | Create | Villager (Male) |
| 4:46 | Build | House |
| 5:01 | Build | House |
| 5:24 | Create | Villager (Male) |
| 5:25 | Create | Villager (Male) |
| 5:25 | Create | Villager (Male) |
| 5:25 | Create | Villager (Male) |
| 5:25 | Create | Villager (Male) |
| 5:48 | Build | House |
| 6:43 | Build | Lumber Camp |
| 6:49 | Create | Villager (Male) |
| 6:49 | Create | Villager (Male) |
| 7:53 | Create | Villager (Male) |
| 8:43 | Build | Mill |
| 8:45 | Create | Villager (Male) |
| 9:12 | Create | Villager (Male) |
| 9:18 | Build | Farm |
| 9:33 | Create | Villager (Male) |
| 9:43 | Build | Mining Camp |
| 10:05 | Research | Feudal Age |
| 10:06 | Research | Feudal Age |
| 10:29 | Build | Mill |
| 11:52 | Build | House |
| 11:58 | Create | Villager (Male) |
| 11:58 | Create | Villager (Male) |
| 12:15 | Age | Feudal Age |
| 12:18 | Create | Villager (Male) |
| 12:30 | Build | Market |
| 12:37 | Build | Blacksmith |
| 12:56 | Build | Farm |
| 13:35 | Create | Villager (Male) |
| 13:35 | Create | Villager (Male) |
| 13:35 | Create | Villager (Male) |
| 13:38 | Research | Double-Bit Axe |
| 13:38 | Research | Double-Bit Axe |
| 14:38 | Create | Villager (Male) |
| 14:42 | Build | Farm |
| 14:44 | Build | Farm |
| 14:46 | Research | Horse Collar |
| 14:46 | Research | Horse Collar |
| 15:02 | Build | House |
| 15:22 | Build | Lumber Camp |
| 15:24 | Create | Villager (Male) |
| 15:27 | Build | Farm |
| 15:39 | Build | House |
| 15:47 | Build | Farm |
| 15:51 | Create | Villager (Male) |
| 15:55 | Build | Farm |
| 16:20 | Build | Mining Camp |
| 16:22 | Build | Farm |
| 16:26 | Create | Villager (Male) |
| 16:45 | Build | Farm |
| 16:48 | Research | Castle Age |
| 16:48 | Research | Castle Age |
| 17:07 | Build | Barracks |
| 17:48 | Create | Trade Cart |
| 18:08 | Create | Trade Cart |
| 18:11 | Research | Gold Mining |
| 18:17 | Research | Stone Mining |
| 19:31 | Age | Castle Age |
| 19:36 | Build | Town Center |
| 19:43 | Build | Town Center |
| 19:45 | Create | Villager (Male) |
| 19:46 | Create | Villager (Male) |
| 19:46 | Create | Villager (Male) |
| 20:02 | Build | Monastery |
| 20:11 | Research | Bow Saw |
| 20:11 | Research | Bow Saw |
| 20:46 | Create | Villager (Male) |
| 20:51 | Build | Farm |
| 20:53 | Create | Monk |
| 21:00 | Create | Villager (Male) |
| 21:04 | Research | Heavy Plow |
| 21:04 | Research | Heavy Plow |
| 21:23 | Create | Villager (Male) |
| 21:24 | Create | Villager (Male) |
| 21:28 | Research | Wheelbarrow |
| 21:28 | Research | Wheelbarrow |
| 21:31 | Create | Villager (Male) |
| 21:31 | Create | Villager (Male) |
| 21:32 | Create | Villager (Male) |
| 21:38 | Build | Farm |
| 21:39 | Build | Farm |
| 21:41 | Build | Farm |
| 21:44 | Build | Farm |
| 21:52 | Build | Farm |
| 21:53 | Build | Farm |
| 22:04 | Create | Villager (Male) |
| 22:06 | Create | Villager (Male) |
| 22:06 | Create | Villager (Male) |
| 22:19 | Create | Villager (Male) |
| 22:20 | Create | Villager (Male) |
| 22:26 | Build | Farm |
| 22:27 | Build | Farm |
| 22:40 | Create | Villager (Male) |
| 22:40 | Create | Villager (Male) |
| 23:41 | Create | Villager (Male) |
| 23:42 | Create | Villager (Male) |
| 23:43 | Create | Villager (Male) |
| 23:43 | Create | Villager (Male) |
| 23:50 | Build | Farm |
| 23:51 | Build | Farm |
| 24:12 | Create | Villager (Male) |
| 24:16 | Build | Farm |
| 24:20 | Build | Farm |
| 24:29 | Create | Villager (Male) |
| 24:33 | Build | Farm |
| 24:35 | Build | Farm |
| 24:35 | Build | Farm |
| 24:36 | Build | Farm |
| 24:38 | Build | Farm |
| 24:42 | Create | Villager (Male) |
| 24:43 | Create | Villager (Male) |
| 24:46 | Create | Villager (Male) |
| 24:47 | Create | Villager (Male) |
| 24:53 | Build | Farm |
| 24:53 | Build | Farm |
| 24:54 | Build | Farm |
| 24:56 | Build | Farm |
| 24:58 | Create | Villager (Male) |
| 24:59 | Create | Villager (Male) |
| 25:03 | Build | Farm |
| 25:04 | Build | Farm |
| 25:18 | Create | Villager (Male) |
| 25:19 | Create | Villager (Male) |
| 25:21 | Create | Villager (Male) |
| 25:21 | Create | Villager (Male) |
| 25:33 | Build | Archery Range |
| 25:41 | Build | Castle |
| 25:45 | Research | Stone Shaft Mining |
| 25:45 | Research | Stone Shaft Mining |
Build order — SadChineseMAN
140 actions detected in the replay
| 0:04 | Build | House |
| 0:07 | Build | House |
| 0:07 | Create | Villager (Male) |
| 0:08 | Create | Villager (Male) |
| 0:08 | Create | Villager (Male) |
| 0:08 | Create | Villager (Male) |
| 0:08 | Create | Villager (Male) |
| 0:09 | Create | Villager (Male) |
| 1:32 | Research | Loom |
| 1:32 | Create | Villager (Male) |
| 2:15 | Build | Palisade Wall |
| 2:26 | Create | Villager (Male) |
| 2:26 | Create | Villager (Male) |
| 2:38 | Create | Villager (Male) |
| 2:42 | Build | Lumber Camp |
| 2:58 | Create | Villager (Male) |
| 3:35 | Create | Villager (Male) |
| 3:54 | Create | Villager (Male) |
| 4:39 | Build | House |
| 4:42 | Create | Villager (Male) |
| 4:51 | Build | House |
| 5:09 | Create | Villager (Male) |
| 5:19 | Create | Villager (Male) |
| 5:42 | Build | House |
| 6:05 | Build | Mill |
| 6:11 | Create | Villager (Male) |
| 6:21 | Build | House |
| 6:40 | Create | Villager (Male) |
| 6:40 | Create | Villager (Male) |
| 6:40 | Create | Villager (Male) |
| 6:43 | Create | Villager (Male) |
| 6:44 | Create | Villager (Male) |
| 6:57 | Build | House |
| 7:01 | Build | House |
| 7:02 | Build | House |
| 7:13 | Build | House |
| 7:34 | Create | Villager (Male) |
| 8:18 | Create | Villager (Male) |
| 8:20 | Build | Mining Camp |
| 9:12 | Create | Villager (Male) |
| 9:59 | Build | House |
| 10:22 | Create | Villager (Male) |
| 10:24 | Research | Feudal Age |
| 11:09 | Build | House |
| 11:10 | Build | House |
| 11:11 | Build | House |
| 11:14 | Build | House |
| 11:40 | Build | Farm |
| 12:32 | Create | Villager (Male) |
| 12:34 | Age | Feudal Age |
| 12:55 | Build | Blacksmith |
| 13:11 | Create | Villager (Male) |
| 13:43 | Build | Market |
| 14:29 | Build | Lumber Camp |
| 14:47 | Research | Castle Age |
| 14:52 | Build | Farm |
| 15:01 | Research | Double-Bit Axe |
| 16:20 | Build | Farm |
| 16:22 | Build | Farm |
| 16:23 | Build | Farm |
| 16:25 | Build | Farm |
| 16:26 | Build | Farm |
| 16:56 | Research | Horse Collar |
| 17:27 | Age | Castle Age |
| 17:30 | Build | Town Center |
| 17:43 | Create | Villager (Male) |
| 17:44 | Create | Villager (Male) |
| 17:51 | Build | Town Center |
| 18:08 | Create | Villager (Male) |
| 18:25 | Build | Farm |
| 18:32 | Create | Villager (Male) |
| 18:38 | Build | Farm |
| 18:46 | Create | Villager (Male) |
| 19:12 | Build | Farm |
| 19:40 | Build | Farm |
| 19:49 | Create | Villager (Male) |
| 19:49 | Create | Villager (Male) |
| 19:53 | Create | Villager (Male) |
| 19:53 | Create | Villager (Male) |
| 20:32 | Build | Farm |
| 20:51 | Build | Castle |
| 20:58 | Create | Villager (Male) ×2 |
| 22:14 | Create | Villager (Male) |
| 22:14 | Create | Villager (Male) ×3 |
| 22:15 | Create | Villager (Male) ×2 |
| 22:39 | Create | Longbowman |
| 22:40 | Create | Longbowman |
| 23:13 | Create | Longbowman |
| 23:32 | Create | Villager (Male) ×5 |
| 23:32 | Create | Villager (Male) ×5 |
| 23:33 | Create | Villager (Male) ×5 |
| 23:36 | Create | Villager (Male) ×5 |
| 23:36 | Create | Villager (Male) ×5 |
| 23:39 | Create | Longbowman |
| 24:30 | Create | Longbowman |
| 24:36 | Create | Villager (Male) |
| 24:36 | Create | Villager (Male) |
| 24:55 | Create | Longbowman |
| 25:06 | Build | Farm |
| 25:09 | Create | Villager (Male) ×2 |
| 25:36 | Build | Castle |
| 25:44 | Create | Villager (Male) |
| 25:48 | Build | Farm |
| 25:49 | Build | Farm |
| 25:50 | Build | Farm |
| 25:54 | Create | Longbowman |
| 25:55 | Create | Longbowman |
| 26:18 | Research | Fletching |
| 26:26 | Create | Longbowman |
| 26:27 | Create | Longbowman |
| 26:33 | Build | Farm |
| 26:36 | Create | Villager (Male) |
| 27:10 | Create | Longbowman |
| 27:10 | Create | Longbowman |
| 27:22 | Create | Longbowman |
| 27:22 | Create | Longbowman |
| 27:36 | Create | Villager (Male) |
| 27:52 | Create | Longbowman |
| 28:00 | Create | Villager (Male) |
| 28:01 | Create | Villager (Male) |
| 28:02 | Create | Villager (Male) ×3 |
| 28:19 | Build | Lumber Camp |
| 28:33 | Create | Villager (Male) ×2 |
| 28:41 | Create | Longbowman |
| 28:41 | Create | Longbowman |
| 29:02 | Research | Bodkin Arrow |
| 29:09 | Create | Longbowman |
| 29:10 | Create | Longbowman |
| 29:10 | Create | Longbowman |
| 29:12 | Create | Longbowman |
| 29:12 | Create | Longbowman |
| 29:13 | Create | Longbowman |
| 30:08 | Create | Longbowman |
| 30:08 | Create | Longbowman |
| 30:09 | Create | Longbowman |
| 30:09 | Create | Longbowman |
| 30:35 | Create | Longbowman |
| 30:35 | Create | Longbowman |
| 30:35 | Create | Longbowman |
| 30:35 | Create | Longbowman |
Match timeline
| 0:34 | greenkitten (has no friends) · wall_segment Palisade Wall x14 |
| 0:44 | SNIPERNOSNIPING · wall_segment Palisade Wall x7 |
| 1:23 | CZJAMEs · wall_segment Palisade Wall x13 |
| 1:35 | CZJAMEs · wall_segment Palisade Wall x19 |
| 1:44 | Spicy Boy · wall_segment Palisade Wall x11 |
| 2:15 | SadChineseMAN · wall_segment Palisade Wall x12 |
| 2:20 | lowry · wall_segment Palisade Wall x10 |
| 2:48 | R.S/AMOR · wall_segment Palisade Wall x7 |
| 2:50 | R.S/AMOR · wall_segment Palisade Wall x10 |
| 3:29 | SNIPERNOSNIPING · wall_segment Palisade Wall x3 |
| 3:32 | greenkitten (has no friends) · wall_segment Palisade Wall x8 |
| 3:34 | SNIPERNOSNIPING · wall_segment Palisade Wall x1 |
| 3:48 | greenkitten (has no friends) · wall_segment Palisade Wall x1 |
| 10:45 | SNIPERNOSNIPING · wall_segment Palisade Wall x1 |
| 12:14 | R.S/AMOR · age_up feudal |
| 12:15 | lowry · age_up feudal |
| 12:34 | SadChineseMAN · age_up feudal |
| 12:52 | R.S/AMOR · first_building Barracks |
| 13:07 | Band · age_up feudal |
| 13:14 | R.S/AMOR · first_market_sell 100 stone |
| 13:25 | R.S/AMOR · first_market_buy 100 food |
| 14:01 | Spicy Boy · age_up feudal |
| 14:03 | CZJAMEs · age_up feudal |
| 14:06 | greenkitten (has no friends) · age_up feudal |
| 14:09 | Band · wall_segment Stone Wall x8 |
| 14:15 | CZJAMEs · wall_segment Stone Wall x13 |
| 14:19 | Band · wall_segment Stone Wall x11 |
| 14:33 | CZJAMEs · wall_segment Stone Wall x5 |
| 14:35 | CZJAMEs · wall_segment Stone Wall x9 |
| 14:59 | SadChineseMAN · first_market_buy 100 food |
| 15:31 | R.S/AMOR · first_building Archery Range |
| 16:07 | Band · wall_segment Stone Wall x4 |
| 16:08 | Band · wall_segment Stone Wall x1 |
| 16:09 | greenkitten (has no friends) · first_market_sell 100 food |
| 16:11 | greenkitten (has no friends) · first_market_buy 100 wood |
| 16:11 | Band · wall_segment Stone Wall x3 |
| 16:15 | Band · wall_segment Stone Wall x3 |
| 16:15 | R.S/AMOR · age_up castle |
| 16:18 | Band · wall_segment Stone Wall x2 |
| 16:20 | Band · wall_segment Stone Wall x1 |
| 16:22 | Band · wall_segment Stone Wall x2 |
| 16:22 | SNIPERNOSNIPING · age_up feudal |
| 16:26 | Band · wall_segment Stone Wall x6 |
| 17:07 | lowry · first_building Barracks |
| 17:21 | CZJAMEs · wall_segment Stone Wall x9 |
| 17:27 | SadChineseMAN · age_up castle |
| 17:47 | Band · age_up castle |
| 18:01 | SNIPERNOSNIPING · first_market_buy 100 food |
| 18:13 | Band · first_market_buy 100 wood |
| 18:16 | Band · first_market_sell 100 food |
| 18:50 | Band · wall_segment Stone Wall x12 |
| 19:25 | Band · wall_segment Stone Wall x9 |
| 19:31 | lowry · age_up castle |
| 20:02 | lowry · first_building Monastery |
| 20:14 | SadChineseMAN · first_market_sell 500 wood |
| 20:23 | Spicy Boy · first_building Barracks |
| 20:44 | SNIPERNOSNIPING · age_up castle |
| 20:51 | SadChineseMAN · first_building Castle |
| 21:09 | Spicy Boy · first_market_sell 500 wood |
| 21:21 | Spicy Boy · first_building Archery Range |
| 21:34 | SNIPERNOSNIPING · first_building Barracks |
| 22:18 | CZJAMEs · age_up castle |
| 23:08 | SNIPERNOSNIPING · first_building Monastery |
| 23:10 | CZJAMEs · first_building Castle |
| 23:18 | R.S/AMOR · first_building Siege Workshop |
| 23:23 | Band · first_building Siege Workshop |
| 23:31 | SNIPERNOSNIPING · first_market_sell 100 stone |
| 23:52 | Spicy Boy · age_up castle |
| 24:00 | SNIPERNOSNIPING · first_building Siege Workshop |
| 24:38 | Spicy Boy · first_building Castle |
| 25:14 | CZJAMEs · wall_segment Stone Wall x7 |
| 25:33 | lowry · first_building Archery Range |
| 25:35 | SNIPERNOSNIPING · first_building Stable |
| 25:41 | lowry · first_building Castle |
| 26:11 | greenkitten (has no friends) · age_up castle |
| 26:58 | greenkitten (has no friends) · wall_segment Stone Wall x15 |
| 27:35 | greenkitten (has no friends) · first_building Siege Workshop |
| 27:39 | SNIPERNOSNIPING · age_up imperial |
| 28:02 | Band · first_building Castle |
| 28:07 | greenkitten (has no friends) · first_building Monastery |
| 28:29 | lowry · first_market_sell 100 wood |
| 29:02 | SNIPERNOSNIPING · first_building Castle |
| 29:10 | SNIPERNOSNIPING · wall_segment Stone Wall x12 |
| 29:16 | greenkitten (has no friends) · first_building Barracks |
| 29:20 | CZJAMEs · first_building Monastery |
| 29:35 | Band · first_building Barracks |
| 30:16 | greenkitten (has no friends) · first_building Stable |
| 30:17 | CZJAMEs · first_market_buy 100 food |
| 30:22 | lowry · first_building Stable |
| 31:06 | CZJAMEs · first_building Barracks |
| 31:12 | CZJAMEs · first_building Siege Workshop |
| 31:28 | Band · first_building Monastery |
| 32:02 | greenkitten (has no friends) · wall_segment Stone Wall x7 |
| 32:04 | lowry · age_up imperial |
| 32:41 | Band · first_building Stable |
| 33:42 | R.S/AMOR · first_building Castle |
| 34:06 | CZJAMEs · age_up imperial |
| 34:51 | Band · age_up imperial |
| 35:15 | greenkitten (has no friends) · wall_segment Stone Wall x7 |
| 35:19 | greenkitten (has no friends) · wall_segment Stone Wall x6 |
| 35:24 | greenkitten (has no friends) · age_up imperial |
| 36:45 | CZJAMEs · first_building Stable |
| 40:15 | SadChineseMAN · resign |
[ AI ANALYSIS · 1 CREDIT ]
What really happened in this match?
Wolo.gg analyzes every decision: build order, eco, micro, common mistakes by bracket. Personalized analysis on WhatsApp or Discord in 30 seconds.
Civ guide
Turks
Perfil
Jugador #2830072